 Dungeon Sprint DCSS version 0.29-a0-356-g7bc237e783 (webtiles) character file.

Game seed: 11316907572289701033

25 HendSelp the Nimble (level 3, -5/23 HPs)
             Began as a Tengu Monk on Apr 26, 2022.
             Was a Believer of Dithmenos.
             Splashed by a jelly's acid (10 damage)
             ... while paralysed by a floating eye
             ... in the Dungeon (Sprint V: "Ziggurat Sprint").
             The game lasted 00:00:45 (83 turns).

HendSelp the Nimble (Tengu Monk)                      Turns: 83, Time: 00:00:46

Health: -5/23      AC: -1    Str: 13    XL:     3   Next: 4%
Magic:  4/4        EV:  2    Int: 10    God:    Dithmenos [**....]
Gold:   0          SH:  0    Dex: 28    Spells: 2/2 levels left

rFire   . . .      SeeInvis .     - Unarmed
rCold   . . .      Faith    .   (no shield)
rNeg    . . .      Spirit   .   a - +0 robe
rPois   .          Reflect  .   (helmet restricted)
rElec   .          Harm     .   (no cloak)
rCorr   .          Rampage  .   (no gloves)
Will    .....      NoTele   +   (boots unavailable)
Stlth   ++++......              (no amulet)
HPRegen 0.07/turn               t - +6 ring of dexterity
MPRegen 0.09/turn               u - +6 ring of dexterity

@: paralysed, corroded, wreathed by umbra
A: beak, talons 3
a: Renounce Religion, Shadow Step


You were in the Dungeon.
You worshipped Dithmenos.
Dithmenos was pleased with you.
You visited 1 branch

Inventory:

Armour
 a - a +0 robe (worn)
Jewellery
 t - a +6 ring of dexterity (left hand)
 u - a +6 ring of dexterity (right hand)
 x - a +6 ring of strength
 y - a +6 ring of strength
Wands
 s - a wand of mindburst (7)
 v - a wand of iceblast (7)
 w - a wand of acid (7)
Scrolls
 h - 4 scrolls of blinking
 n - 4 scrolls of amnesia
 o - 7 scrolls of fog
 p - a scroll of holy word
 q - 5 scrolls of identify
 r - 2 scrolls of fear
Potions
 b - a potion of ambrosia
 c - 10 potions of curing
 d - 10 potions of heal wounds
 e - 6 potions of haste
 f - 7 potions of magic
 g - 3 potions of berserk rage
 i - 2 potions of brilliance
 j - 2 potions of invisibility
 k - 4 potions of resistance
 m - 5 potions of might


   Skills:
 * Level 3.4 Fighting
 * Level 0.7 Armour
 * Level 9.0 Dodging
 - Level 2.0 Stealth
 * Level 3.8 Unarmed Combat


You had 2 spell levels left.
You didn't know any spells.
Your spell library was empty.

Dungeon Overview and Level Annotations

Branches:
Dungeon (1/1)

Altars:
Ashenzari
Cheibriados
Dithmenos
Elyvilon
Fedhas
Gozag
Hepliaklqana
Kikubaaqudgha
Makhleb
Nemelex Xobeh
Okawaru
Qazlal
Ru
Sif Muna
Trog
Uskayaw
Vehumet
Wu Jian
Xom
Yredelemnul
Zin
The Shining One
Beogh
Jiyva
Lugonu

Annotations:
D 1 transporter


Innate Abilities, Weirdness & Mutations

You have a beak for a mouth.
You have claws for feet.


Message History

Unknown command.
Unknown command.
There is a transporter here.
Welcome to arena 2.
You enter the transporter and appear at another place.
An endoplasm, a floating eye and a jelly come into view.
Found three items.
Found a transporter.
Unknown command.
Unknown command.
Unknown command.
Unknown command.
The endoplasm quivers.
Unknown command.
You hit the endoplasm. You claw the endoplasm.
The endoplasm is heavily wounded.
The floating eye turns its gaze towards you.
The endoplasm hits you.
Unknown command.
Unknown command.
You completely miss the endoplasm. You claw the endoplasm.
You kill the endoplasm!
Dithmenos accepts your kill.
Unknown command.
Unknown command.
You hit the floating eye. You peck the floating eye.
The floating eye is lightly wounded.
The floating eye seems to glare at you.
Unknown command.
You hit the floating eye. You claw the floating eye.
You peck the floating eye, but do no damage.
The floating eye is heavily wounded.
The jelly barely misses you.
The floating eye gazes piercingly through you!
You suddenly lose the ability to move!
The jelly hits you. The acid corrodes you!
You are splashed with acid!
* * * LOW HITPOINT WARNING * * *
The jelly hits you.
* * * LOW HITPOINT WARNING * * *
You are splashed with acid!
You die...

▓▓▓▓▓▓▓▓▓▓▓▓▓
▓.8©8.▓.8©8.▓
▓.)?[.▓.....▓
▓..JG.▓.[.|.▓
▓..@..▓.....▓
▓.....▓.....▓
▓.....▓..©..▓
▓..©..▓▓▓▓▓▓▓
▓▓▓▓▓▓▓


You could see a jelly and a floating eye.

Vanquished Creatures
  A mummy (D)
  An adder zombie (D)
  An endoplasm (D)
3 creatures vanquished.

Notes
Turn   | Place    | Note
-------+----------+-------------------------------------------
     0 | D        | HendSelp the Tengu Monk began the quest for the Orb.
     0 | D        | Reached XP level 1. HP: 14/14 MP: 2/2
     0 | D        | Found a shimmering blue altar of Sif Muna.
     0 | D        | Found a sacrificial altar of Ru.
     0 | D        | Found a bloodstained altar of Trog.
     0 | D        | Found a stormy altar of Qazlal.
     0 | D        | Found an iron altar of Okawaru.
     0 | D        | Found a sparkling altar of Nemelex Xobeh.
     0 | D        | Found a blossoming altar of Fedhas.
     0 | D        | Found the +6 Majin-Bo {vamp, MP+6 Int+6}
     0 | D        | Found the +9 heavy crossbow "Sniper" {vorpal, Acc+∞ SInv}
     0 | D        | Found the +10 dark maul {vorpal}
     0 | D        | Found the +15 Maxwell's patent armour {-Cast -Tele rElec
                  | Will+ rCorr}
     0 | D        | Found the +18 shield of the Gong {rElec rN+ Will+ EV-5}
     0 | D        | Found the +14 obsidian axe {vorpal, Mesm Drain Fly SInv}
     0 | D        | Found the +7 great mace "Firestarter" {inner flame, rF++}
     0 | D        | Found the +6 shillelagh "Devastator" {shatter}
     0 | D        | Found the +11 plutonium sword {Contam Stlth-}
     0 | D        | Found the +8 lance "Wyrmbane" {slay drac, rPois rF+ rC+
                  | AC+3}
     0 | D        | Found the +9 sword of Zonguldrok {reap}
     0 | D        | Found the +13 scythe of Curses {drain, Drain}
     0 | D        | Found the +5 sword of Power {vorpal}
     0 | D        | Found the +7 mace of Variability {chain chaos}
     0 | D        | Found the +7 Singing Sword {vorpal, sonic wave}
     0 | D        | Found the +8 storm bow {elec, penet}
     2 | D        | Found a transporter.
     2 | D        | Found an ancient bone altar of Kikubaaqudgha.
     2 | D        | Found a viscous altar of Jiyva.
     2 | D        | Found a corrupted altar of Lugonu.
     2 | D        | Found a hazy altar of Hepliaklqana.
     2 | D        | Found a burning altar of Makhleb.
     2 | D        | Found an opulent altar of Gozag.
    24 | D        | Reached skill level 8 in Dodging
    24 | D        | Reached XP level 2. HP: 19/19 MP: 3/3
    34 | D        | Became a worshipper of Dithmenos the Shadowed
    34 | D        | Reached * piety under Dithmenos
    34 | D        | Reached ** piety under Dithmenos
    55 | D        | Entered arena 2.
    55 | D        | Found a transporter.
    64 | D        | Reached skill level 9 in Dodging
    70 | D        | Reached XP level 3. HP: 19/23 MP: 4/4
    74 | D        | Entered arena 3.
    74 | D        | Noticed a floating eye
    74 | D        | Found a transporter.
    81 | D        | Paralysed by a floating eye for 4 turns
    83 | D        | Splashed by a jelly's acid

Illustrated notes

Levels and vault maps discovered:
D:        sprint_v [room_start, room_1, room_2, room_3, room_4, room_5, room_6,
          room_7, room_8, room_9, room_10, room_11, room_12, room_13, room_14,
          room_15, room_16, room_17, room_18, room_19, room_20, room_21,
          room_22, room_23, room_24, room_25, room_26, room_27]

Skill      XL: |  1  2 |
---------------+-------+-----
Dodging        | 8 9 |  9.0
Fighting       | |  3.4
Armour         | |  0.7
Stealth        | |  2.0
Unarmed Combat | |  3.8

Action                   || total
-------------------------++-------
Melee: Unarmed           ||    17
       Peck              ||     5
       Kick              ||     5
  Use: Potion            ||     1
Armor: Robe              ||     1
Dodge: Dodged            ||    13

Table legend: (Time is in decaauts)
 A = Elapsed time spent in this place.
 B = Non-inter-level travel time spent in this place.
 C = Inter-level travel time spent in this place.
 D = Time resting spent in this place.
 E = Time spent auto-exploring this place.
 F = Levels seen in this place.
 G = Mean time per level.
                   A        B        C        D        E       F      G
               +--------+--------+--------+--------+--------+-----+--------+
         Total |     79 |     79 |      0 |      0 |     10 |   1 |   79.0 |
       Dungeon |     79 |     79 |      0 |      0 |     10 |   1 |   79.0 |
               +--------+--------+--------+--------+--------+-----+--------+

Top non-repeatable levels by time:
       D: 79 daAuts
